[Event "Early-Titled-Tuesday-Blitz-December-26-2023"]
[Site "Chess.com"]
[Date "2023.12.26"]
[Round "1"]
[White "emiliochess"]
[Black "NelsonLinda"]
[Result "0-1"]
[WhiteElo "2287"]
[BlackElo "2624"]
[TimeControl "180+1"]
[EndTime "8:01:28 PST"]
[Termination "NelsonLinda won by resignation"]

1. b3 d6 2. Bb2 Nd7 3. Nf3 e5 4. e3 g6 5. Be2 Bg7 6. c4 Ne7 7. O-O O-O 8. d4 e4 9. Nfd2 f5 10. Nc3 Nf6 11. f3 exf3 12. Bxf3 d5 13. Rc1 c6 14. b4 Be6 15. cxd5 Nexd5 16. Re1 Nxb4 17. a3 Nd3 0-1

[Event "Early-Titled-Tuesday-Blitz-December-26-2023"]
[Site "Chess.com"]
[Date "2023.12.26"]
[Round "1"]
[White "JimDiGrease"]
[Black "Logman74"]
[Result "1-0"]
[WhiteElo "2978"]
[BlackElo "2529"]
[TimeControl "180+1"]
[EndTime "8:01:36 PST"]
[Termination "JimDiGrease won by resignation"]

1. d4 Nf6 2. c4 e6 3. Bf4 Bb4+ 4.
Nd2 O-O 5. a3 Be7 6. e4 d6 7.
Ngf3 Nc6 8. Be2 Re8 9. O-O Bf8 10.
e5 dxe5 11. dxe5 Nd7 12. Qc2 Ndxe5 13. Nxe5 1-0

[Event "Early-Titled-Tuesday-Blitz-December-26-2023"]
[Site "Chess.com"]
[Date "2023.12.26"]
[Round "1"]
[White "NoHeThTo"]
[Black "shanemelaughcm"]
[Result "1-0"]
[WhiteElo "2692"]
[BlackElo "2380"]
[TimeControl "180+1"]
[EndTime "8:02:10 PST"]
[Termination "NoHeThTo won by resignation"]

1. d4 g6 2. Nc3 Bg7 3. Bf4 d6 4.
e3 Nc6 5. Nf3 e5 6. dxe5 dxe5 7.
Qxd8+ Kxd8 8. O-O-O+ Bd7 9. Bg3 f6 10. Bc4 Kc8 11. Ne4 b6 12. Ba6+ Kd8 13. Bb7 1-0

[Event "Early-Titled-Tuesday-Blitz-December-26-2023"]
[Site "Chess.com"]
[Date "2023.12.26"]
[Round "1"]
[White "maciek_92"]
[Black "deribas12345"]
[Result "0-1"]
[WhiteElo "2862"]
[BlackElo "2525"]
[TimeControl "180+1"]
[EndTime "8:02:15 PST"]
[Termination "deribas12345 won by resignation"]

1. c4 c5 2. Nc3 Nc6 3. g3 g6 4. Bg2 Bg7 5. a3 Nf6 6. Rb1 O-O 7. b4 cxb4 8. axb4 a5 9. b5 Nb4 10. e4 Nd3+ 11. Kf1 d6 12. h3 Be6 13. Nd5 Nxd5 14.
cxd5 Bd7 15. Ne2 Qb6 0-1

[Event "Early-Titled-Tuesday-Blitz-December-26-2023"]
[Site "Chess.com"]
[Date "2023.12.26"]
[Round "1"]
[White "TanitoluwaAps116"]
[Black "joksijoksi"]
[Result "1-0"]
[WhiteElo "2752"]
[BlackElo "2441"]
[TimeControl "180+1"]
[EndTime "8:02:18 PST"]
[Termination "TanitoluwaAps116 won by resignation"]

1. e4 c5 2. Nf3 Nf6 3. e5 Nd5 4.
b3 Nc6 5. Bb2 g6 6. Bc4 e6 7.
Bxd5 exd5 8. Nc3 d6 9. exd6 Bxd6 10. Nxd5 Be5 11. Nxe5 Qxd5 12. Nxc6 Qxg2 13. Qe2+ Be6 14.
O-O-O 1-0

[Event "Early-Titled-Tuesday-Blitz-December-26-2023"]
[Site "Chess.com"]
[Date "2023.12.26"]
[Round "1"]
[White "Karacsonyi_Gellert"]
[Black "thechesscorner64"]
[Result "1-0"]
[WhiteElo "2733"]
[BlackElo "2432"]
[TimeControl "180+1"]
[EndTime "8:02:19 PST"]
[Termination "Karacsonyi_Gellert won by resignation"]

1. e4 c5 2. Nf3 e6 3. d4 cxd4 4. Nxd4 a6 5. c4 Qc7 6. Nc3 d6 7. Be2 Nf6 8. O-O Nbd7 9. f4 b6 10. b4 Bb7 11. Qd3 Rc8 12. a3 Be7 13. Bb2 O-O 14.
Rac1 Qb8 15. g4 Qa8 16. g5 Nxe4 17. Qh3 Nxc3 18. Bxc3 d5 19. Bd3 g6 20. Qh6 e5 21.
Nf5 gxf5 22. Bxf5 1-0

[Event "Early-Titled-Tuesday-Blitz-December-26-2023"]
[Site "Chess.com"]
[Date "2023.12.26"]
[Round "1"]
[White "Kiborg95"]
[Black "Practical-Play"]
[Result "1-0"]
[WhiteElo "2808"]
[BlackElo "2476"]
[TimeControl "180+1"]
[EndTime "8:02:30 PST"]
[Termination "Kiborg95 won by resignation"]

1. e4 e5 2. Nf3 Nc6 3. Bc4 Nf6 4.
d3 Bc5 5. O-O O-O 6. Re1 d5 7.
exd5 Nxd5 8. Nxe5 Nxe5 9. Rxe5 Bxf2+ 10. Kxf2 Qh4+ 11. Kf1 Qxh2 12. Rh5 1-0

[Event "Early-Titled-Tuesday-Blitz-December-26-2023"]
[Site "Chess.com"]
[Date "2023.12.26"]
[Round "1"]
[White "ApoIogiA"]
[Black "Devil_Sun"]
[Result "0-1"]
[WhiteElo "2231"]
[BlackElo "2598"]
[TimeControl "180+1"]
[EndTime "8:03:04 PST"]
[Termination "Devil_Sun won by resignation"]

1. d4 Nf6 2. c4 e6 3. Nc3 Bb4 4.
f3 O-O 5. e4 d5 6. cxd5 exd5 7.
e5 Nfd7 8. f4 c5 9. Nf3 Nc6 10. Be3 cxd4 11. Nxd4 Nc5 12. Nxc6 bxc6 13. a3 Bxc3+ 14. bxc3 Ne4 15. Bd3 Qh4+ 16. g3 Nxg3 17. Bf2 Qxf4 18. Bxg3 Qe3+ 19. Qe2 Qc5 20. O-O-O Qxc3+ 21. Kb1 Rb8+ 22. Ka2 Be6 0-1

[Event "Early-Titled-Tuesday-Blitz-December-26-2023"]
[Site "Chess.com"]
[Date "2023.12.26"]
[Round "1"]
[White "slidingknight2775"]
[Black "SHIVACalypso"]
[Result "1/2-1/2"]
[WhiteElo "2676"]
[BlackElo "2383"]
[TimeControl "180+1"]
[EndTime "8:03:19 PST"]
[Termination "Game drawn by repetition"]

1. Nf3 Nf6 2. g3 g6 3. Bg2 Bg7 4. O-O O-O 5. c4 c5 6. d4 cxd4 7. Nxd4 Nc6 8. Nc3 Nxd4 9. Qxd4 d6 10. b3 Be6 11. Bb2 Nd5 12. Qd2 Nxc3 13. Bxc3 Bxc3 14.
Qxc3 Qc7 15. Rac1 Rac8 16. Qd4 b6 17. h4 h5 18. Rfd1 Rfd8 19. Be4 d5 20. cxd5 Qxc1 21. Rxc1 Rxc1+ 22. Kg2 Rc5 23. Qe3 Bxd5 24. Bxd5 Rcxd5 25. Qxe7 R8d7 26. Qe8+ Kg7 27. Qe4 R5d6 28. Qe5+ Kg8 29.
Qe8+ Kg7 30. Qe5+ Kg8 31. Qe8+ Kg7 32. Qe5+ 1/2-1/2

[Event "Early-Titled-Tuesday-Blitz-December-26-2023"]
[Site "Chess.com"]
[Date "2023.12.26"]
[Round "1"]
[White "GP9isback23"]
[Black "RamyresCoelho"]
[Result "1-0"]
[WhiteElo "2626"]
[BlackElo "2294"]
[TimeControl "180+1"]
[EndTime "8:03:22 PST"]
[Termination "GP9isback23 won by resignation"]

1. d4 Nf6 2. Nf3 g6 3. b3 Bg7 4. Bb2 O-O 5. g3 d6 6. Bg2 c6 7. O-O Qc7 8. c4 Nbd7 9. Nc3 Re8 10. Rc1 e5 11. e3 exd4 12. Nxd4 Nf8 13. Qd2 Ne6 14. Rfd1 Nxd4 15. Qxd4 Ne4 16. Qxg7+ Kxg7 17. Nd5+ Kh6 18. Nxc7 Bd7 19. Nxa8 f5 20. Bxe4 fxe4 21. Rxd6 Bg4 22. Nc7 Re7 23. Nd5 cxd5 24. cxd5 Bf3 25. Rd8 Kg5 26. d6 Re6 27. d7 h5 28. Re8 1-0

[Event "Early-Titled-Tuesday-Blitz-December-26-2023"]
[Site "Chess.com"]
[Date "2023.12.26"]
[Round "1"]
[White "Lion_DL"]
[Black "Vaibhavraut99"]
[Result "0-1"]
[WhiteElo "2365"]
[BlackElo "2672"]
[TimeControl "180+1"]
[EndTime "8:03:36 PST"]
[Termination "Vaibhavraut99 won by resignation"]

1. d4 Nf6 2. c4 e6 3. Nf3 Bb4+ 4. Nbd2 O-O 5. a3 Bxd2+ 6. Bxd2 b6 7. Bg5 h6 8. Bxf6 Qxf6 9. e4 d6 10. Bd3 Bb7 11. O-O Nd7 12. Re1 e5 13. d5 a5 14.
b4 Qe7 15. Qb3 Bc8 16. Rec1 g6 17. Nd2 f5 18. f3 Qg5 19. Qb2 Qe3+ 20. Kh1 Qxd3 21.
Re1 axb4 22. Qxb4 Nc5 23. a4 Bd7 24. Ra3 Qd4 25. Nb3 Nxb3 26. Qxb3 fxe4 27. Rxe4 Qxe4 0-1

[Event "Early-Titled-Tuesday-Blitz-December-26-2023"]
[Site "Chess.com"]
[Date "2023.12.26"]
[Round "1"]
[White "yaguigor"]
[Black "tylityli"]
[Result "0-1"]
[WhiteElo "2585"]
[BlackElo "2252"]
[TimeControl "180+1"]
[EndTime "8:03:40 PST"]
[Termination "tylityli won by resignation"]

1. e4 e5 2. Nf3 Nc6 3. Bb5 a6 4. Ba4 Nf6 5. O-O Be7 6. Re1 b5 7. Bb3 d6 8. c3 O-O 9. h3 Nd7 10. d4 Bf6 11. a4 Bb7 12. d5 Na5 13. Bc2 Nc4 14. b3 Ncb6 15. a5 Nc8 16. Be3 c6 17. c4 g6 18. dxc6 Bxc6 19. Nc3 bxc4 20. bxc4 Nc5 21.
Nd5 Bg7 0-1

[Event "Early-Titled-Tuesday-Blitz-December-26-2023"]
[Site "Chess.com"]
[Date "2023.12.26"]
[Round "1"]
[White "ploxoi"]
[Black "Zhigalko_Sergei"]
[Result "0-1"]
[WhiteElo "2509"]
[BlackElo "2879"]
[TimeControl "180+1"]
[EndTime "8:03:48 PST"]
[Termination "Zhigalko_Sergei won by resignation"]

1. d4 Nf6 2. c4 e6 3. g3 c5 4. d5 exd5 5. cxd5 d6 6. Nc3 g6 7. Bg2 Bg7 8. Nf3 O-O 9. O-O Re8 10. Nd2 a6 11. a4 Nbd7 12. h3 b6 13. Nc4 Ne5 14. Na3 Nh5 15. e4 b5 16. axb5 axb5 17. Ncxb5 Ba6 18. Bd2 Qb6 19. Nc3 Bxf1 20. Bxf1 Qxb2 21.
Ra2 Qb4 22. Nc2 Qb3 23. Rxa8 Rxa8 24. g4 Nf4 25. Qb1 Nf3+ 0-1

[Event "Early-Titled-Tuesday-Blitz-December-26-2023"]
[Site "Chess.com"]
[Date "2023.12.26"]
[Round "1"]
[White "ValentunHulka"]
[Black "BashirliSaadat"]
[Result "1-0"]
[WhiteElo "2747"]
[BlackElo "2435"]
[TimeControl "180+1"]
[EndTime "8:03:52 PST"]
[Termination "ValentunHulka won by resignation"]

1. d4 Nf6 2. c4 g6 3. g3 Bg7 4.
Bg2 d5 5. cxd5 Nxd5 6. Nf3 O-O 7.
O-O Bg4 8. h3 Bxf3 9. Bxf3 Nc6 10. e3 Qd7 11. Bg2 e6 12. Nc3 Nxc3 13. bxc3 Rad8 14. Rb1 Rb8 15. Kh1 e5 16. Qa4 b5 17.
Qa3 exd4 18. cxd4 Rfe8 19. Qc5 Re6 20. d5 Bf8 21. dxe6 Qd3 22. Qxc6 Qxb1 23. Ba3 Qxa2 24. exf7+ Kh8 25. Bxf8 1-0

[Event "Early-Titled-Tuesday-Blitz-December-26-2023"]
[Site "Chess.com"]
[Date "2023.12.26"]
[Round "1"]
[White "tetrix83"]
[Black "Gyulamiryan-koryun"]
[Result "1-0"]
[WhiteElo "2558"]
[BlackElo "2006"]
[TimeControl "180+1"]
[EndTime "8:03:55 PST"]
[Termination "tetrix83 won by checkmate"]

1. e4 e5 2. Nf3 Nc6 3. Bc4 Nf6 4. d3 h6 5. O-O Bc5 6. c3 O-O 7. d4 exd4 8. cxd4 Bb6 9. e5 Ne8 10.
d5 Ne7 11. d6 cxd6 12. exd6 Nf5 13. Bf4 Bc5 14. Qd5 Bd4 15. Qxf5 Bxb2 16. Ne5 Nxd6 17. Qg4 Nxc4 18. Nxc4 Bxa1 19. Nd6 Qf6 20. Nd2 Be5 21. Bxe5 Qxe5 22. N2c4 Qe6 23. Nf5 d5 24. Qxg7# 1-0

[Event "Early-Titled-Tuesday-Blitz-December-26-2023"]
[Site "Chess.com"]
[Date "2023.12.26"]
[Round "1"]
[White "biostatistician"]
[Black "MikeSailer"]
[Result "1-0"]
[WhiteElo "2588"]
[BlackElo "2170"]
[TimeControl "180+1"]
[EndTime "8:03:57 PST"]
[Termination "biostatistician won by resignation"]

1. d4 d5 2. Nf3 Nf6 3. c4 Bf5 4. cxd5 Bxb1 5. Qa4+ c6 6. dxc6 Nxc6 7. Rxb1 e5 8. dxe5 Bb4+ 9. Bd2 Bxd2+ 10. Nxd2 Nd7 11. e3 Ndxe5 12. Bb5 O-O 13. Rd1 Qh4 14. Qxh4 1-0

[Event "Early-Titled-Tuesday-Blitz-December-26-2023"]
[Site "Chess.com"]
[Date "2023.12.26"]
[Round "1"]
[White "VitaliyChayka"]
[Black "Ezov"]
[Result "0-1"]
[WhiteElo "2569"]
[BlackElo "2152"]
[TimeControl "180+1"]
[EndTime "8:03:57 PST"]
[Termination "Ezov won by resignation"]

1. d4 d5 2. Bf4 c5 3. e3 Nc6 4. Nf3 Bg4 5. c3 Nf6 6. Qb3 Qb6 7. dxc5 Qxb3 8. axb3 a6 9. Nbd2 Nd7 10. b4 e5 11.
Bg3 f6 12. h3 Be6 13. b5 Ncb8 14. bxa6 Nxa6 15. b4 Nc7 16. Rxa8+ Nxa8 17. Bb5 Nc7 18. Ba4 Kf7 19. Ke2 Be7 20. Bb3 Ra8 21. Rd1 0-1

[Event "Early-Titled-Tuesday-Blitz-December-26-2023"]
[Site "Chess.com"]
[Date "2023.12.26"]
[Round "1"]
[White "Road2GM3000"]
[Black "Iball95"]
[Result "0-1"]
[WhiteElo "2478"]
[BlackElo "2810"]
[TimeControl "180+1"]
[EndTime "8:03:59 PST"]
[Termination "Iball95 won by resignation"]

1. d4 d5 2. c4 e6 3. Nc3 c5 4.
cxd5 cxd4 5. Qxd4 Nc6 6. Qd1 exd5 7. e3 Nf6 8. Nf3 Bb4 9. Bd3 O-O 10. O-O Bg4 11. a3 Bxc3 12. bxc3 Bxf3 13. Qxf3 Ne5 14. Qd1 Nxd3 15. Qxd3 Rc8 16. Bb2 Re8 17. Rfd1 Rc4 18. a4 Qc7 19. h3 h6 20. a5 Re6 21.
Ba3 Rxc3 22. Qd4 Rc4 23. Qxa7 Ra6 24. Bd6 Rxa7 25. Bxc7 Rxc7 26. Rd4 Rc5 27. Rda4 g6 28. Kf1 h5 29. Ke2 Rc2+ 30. Kf3 Ne4 31. Kf4 Rxf2+ 32. Ke5 Rf5+ 33. Kd4 Kg7 34. g4 hxg4 35. hxg4 Rg5 36.
Rb1 Rxg4 37. Ke5 Rg5+ 38. Kd4 Rg2 39. Ke5 Nc3 0-1

[Event "Early-Titled-Tuesday-Blitz-December-26-2023"]
[Site "Chess.com"]
[Date "2023.12.26"]
[Round "1"]
[White "Mikedannnn"]
[Black "ilya2700"]
[Result "1-0"]
[WhiteElo "2648"]
[BlackElo "2318"]
[TimeControl "180+1"]
[EndTime "8:04:06 PST"]
[Termination "Mikedannnn won by resignation"]

1. e4 c5 2. Nf3 e6 3. c4 Nc6 4.
Nc3 Nf6 5. Be2 d5 6. exd5 exd5 7. d4 cxd4 8. Nxd4 Bc5 9. Be3 Bb6 10. c5 Bc7 11. O-O O-O 12. Bf3 Re8 13. Bg5 Qe7 14.
Nxd5 Qe5 15. Bf4 Qxd4 16. Qxd4 Nxd4 17. Nxc7 Nxf3+ 18. gxf3 Bh3 19. Nxe8 Nd5 20. Nc7 1-0

[Event "Early-Titled-Tuesday-Blitz-December-26-2023"]
[Site "Chess.com"]
[Date "2023.12.26"]
[Round "1"]
[White "Ramla2020"]
[Black "suyu28"]
[Result "0-1"]
[WhiteElo "2467"]
[BlackElo "2787"]
[TimeControl "180+1"]
[EndTime "8:04:07 PST"]
[Termination "suyu28 won by resignation"]

1. c4 c6 2. e4 d5 3. exd5 cxd5 4.
d4 Nf6 5. Nc3 e6 6. Nf3 Bb4 7.
Qa4+ Nc6 8. Ne5 Bd7 9. Nxc6 Bxc3+ 10. bxc3 Bxc6 11. Qa3 Rc8 12. c5 O-O 13. Qxa7 Ne4 14. Qa3 Qh4 15. Be3 e5 16. g3 Qf6 17.
Rd1 Rfe8 18. Bg2 exd4 19. cxd4 Bb5 20. Qb2 Bc4 21. Bf1 Qf3 22. Rg1 Nxf2 0-1

[Event "Early-Titled-Tuesday-Blitz-December-26-2023"]
[Site "Chess.com"]
[Date "2023.12.26"]
[Round "1"]
[White "Ryukchess81"]
[Black "kakarot_001"]
[Result "0-1"]
[WhiteElo "2356"]
[BlackElo "2669"]
[TimeControl "180+1"]
[EndTime "8:04:10 PST"]
[Termination "kakarot_001 won by resignation"]

1. d4 Nf6 2. Bf4 c5 3. e3 Qb6 4. Na3 d6 5. Nc4 Qd8 6. dxc5 dxc5 7. Qxd8+ Kxd8 8. O-O-O+ Ke8 9. Nf3 Nc6 10. Nfe5 Nxe5 11. Nxe5 a6 12. Nc4 Nd7 13. Be2 f6 14. Bc7 b5 15. Bf3 Ra7 16. Bb6 Rb7 17. Bxb7 Bxb7 18. Na5 Bxg2 19. Rhg1 Bf3 20. Rd2 Nxb6 21. b3 e5 22. Kb2 c4 23. c3 cxb3 24. axb3 Kf7 25. Rd8 Ba3+ 26. Kxa3 Rxd8 27. Kb4 Nd5+ 28. Kc5 Nxc3 0-1

[Event "Early-Titled-Tuesday-Blitz-December-26-2023"]
[Site "Chess.com"]
[Date "2023.12.26"]
[Round "1"]
[White "Onischuk_V"]
[Black "Rozhkov_V"]
[Result "1-0"]
[WhiteElo "2700"]
[BlackElo "2388"]
[TimeControl "180+1"]
[EndTime "8:04:12 PST"]
[Termination "Onischuk_V won by resignation"]

1. e4 e6 2. d4 d5 3. Bd3 c5 4. exd5 exd5 5. Nf3 Nf6 6. O-O c4 7. Re1+ Be7 8. Bf1 O-O 9. b3 cxb3 10. axb3 Nc6 11.
h3 Bf5 12. c4 Re8 13. Nc3 Nb4 14. Ba3 Nc2 15. Bxe7 Rxe7 16. Rxe7 Qxe7 17. Rc1 Nb4 18. Qd2 Re8 19. Re1 Qf8 20. Rxe8 Qxe8 21. c5 a6 22. Nb5 axb5 23. Qxb4 Bd7 24. Ne5 Bc6 25.
Qa5 h6 26. Qc7 Nd7 27. Nxc6 bxc6 28. Qxc6 1-0

[Event "Early-Titled-Tuesday-Blitz-December-26-2023"]
[Site "Chess.com"]
[Date "2023.12.26"]
[Round "1"]
[White "Nitzan_Steinberg"]
[Black "AjedrezInteligente"]
[Result "1-0"]
[WhiteElo "2863"]
[BlackElo "2506"]
[TimeControl "180+1"]
[EndTime "8:04:17 PST"]
[Termination "Nitzan_Steinberg won by resignation"]

1. e4 c5 2. Nf3 e6 3. d4 cxd4 4. Nxd4 Nf6 5. Nc3 Nc6 6. a3 d5 7. Bb5 Bd7 8. exd5 exd5 9. O-O Be7 10. h3 O-O 11. Be3 a6 12. Be2 Bd6 13. Bf3 Be6 14. Re1 Re8 15. Qd2 Ne5 16. Be2 Nc4 17. Bxc4 dxc4 18.
Rad1 Be5 19. f4 Bc7 20. Qf2 Qb8 21.
Qf3 b5 22. g4 Bb6 23. g5 Bxd4 24.
Bxd4 Nd7 25. f5 Bxf5 26. Rxe8+ Qxe8 27. Qxf5 1-0

[Event "Early-Titled-Tuesday-Blitz-December-26-2023"]
[Site "Chess.com"]
[Date "2023.12.26"]
[Round "1"]
[White "chessdiamant"]
[Black "GMWSO"]
[Result "0-1"]
[WhiteElo "2545"]
[BlackElo "3030"]
[TimeControl "180+1"]
[EndTime "8:04:19 PST"]
[Termination "GMWSO won by resignation"]

1. e4 c5 2. Nc3 Nc6 3. Bb5 Nd4 4. Nf3 a6 5. Bd3 Nc6 6. a3 e6 7. O-O b5 8. Be2 Bb7 9. d4 cxd4 10. Nxd4 Nf6 11. Bg5 Qc7 12. Nxc6 Bxc6 13. Bd3 h6 14. Bh4 Be7 15. Bg3 Qb7 16. Qe2 d6 17. f4 O-O 18.
e5 dxe5 19. fxe5 Nd7 20. Ne4 Nc5 21. Nf6+ Kh8 22. b4 Nxd3 23. Qxd3 gxf6 24. exf6 Bd8 25. Qd2 Kh7 26. Rae1 Bb6+ 27. Kh1 Rad8 28. Bd6 Rxd6 29. Qe2 Rg8 30. Rf3 Rxg2 31. Kxg2 Bxf3+ 32. Qxf3 Rd2+ 33.
Kg3 Bc7+ 0-1

[Event "Early-Titled-Tuesday-Blitz-December-26-2023"]
[Site "Chess.com"]
[Date "2023.12.26"]
[Round "1"]
[White "UK_23"]
[Black "User234564"]
[Result "1-0"]
[WhiteElo "2329"]
[BlackElo "2625"]
[TimeControl "180+1"]
[EndTime "8:04:22 PST"]
[Termination "UK_23 won by resignation"]

1. e4 d5 2. exd5 Nf6 3. d4 Bg4 4. Be2 Bxe2 5. Nxe2 Qxd5 6. O-O Nc6 7. Nbc3 Qf5 8. Ng3 Qg6 9. f4 O-O-O 10. f5 Qg4 11. Qxg4 Nxg4 12. d5 Nb4 13. Bg5 Nxd5 14. Nxd5 Rxd5 15.
Rad1 e6 16. Rxd5 exd5 17. h3 Bc5+ 18. Kh1 Nf2+ 19. Kh2 Ne4 20. Nxe4 dxe4 21. f6 g6 22. Re1 Re8 23. Re2 h6 24. Bxh6 Bd4 25. Bg5 Bxb2 26. g4 Re6 27. Kg3 Be5+ 28. Kg2 Bd4 29. h4 Kd7 30. h5 gxh5 31. gxh5 Re5 32. Be3 1-0

[Event "Early-Titled-Tuesday-Blitz-December-26-2023"]
[Site "Chess.com"]
[Date "2023.12.26"]
[Round "1"]
[White "ljuks68"]
[Black "Durarbayli"]
[Result "0-1"]
[WhiteElo "2505"]
[BlackElo "2861"]
[TimeControl "180+1"]
[EndTime "8:04:23 PST"]
[Termination "Durarbayli won by resignation"]

1. e4 e5 2. Nf3 Nc6 3. Bb5 a6 4. Ba4 Nge7 5. d4 exd4 6. Nxd4 b5 7. Bb3 Na5 8. O-O Bb7 9. Re1 g6 10. Qf3 Nxb3 11. axb3 Bg7 12. c3 O-O 13. Bg5 f6 14.
Bh4 c5 15. Ne2 d5 16. exd5 Bxd5 17. Qd3 Bxb3 18. Qxd8 Rfxd8 19. Nf4 g5 0-1

[Event "Early-Titled-Tuesday-Blitz-December-26-2023"]
[Site "Chess.com"]
[Date "2023.12.26"]
[Round "1"]
[White "Blackwhite017"]
[Black "jeetjain"]
[Result "0-1"]
[WhiteElo "2086"]
[BlackElo "2571"]
[TimeControl "180+1"]
[EndTime "8:04:23 PST"]
[Termination "jeetjain won on time"]

1. e4 c6 2. Nf3 g6 3. d4 Bg7 4.
c3 d5 5. e5 Bg4 6. Bd3 h5 7. h3 Bxf3 8. Qxf3 e6 9. O-O c5 10. Bb5+ Nc6 11. Be3 Ne7 12. Nd2 O-O 13. a3 cxd4 14. cxd4 Qb6 15. Bxc6 Nxc6 16. b4 Nxd4 17.
Bxd4 Qxd4 18. Nb3 Qxe5 19. Rae1 Qb2 20. Nc5 b6 21. Nd7 Rfd8 0-1

[Event "Early-Titled-Tuesday-Blitz-December-26-2023"]
[Site "Chess.com"]
[Date "2023.12.26"]
[Round "1"]
[White "Suleyman_Chess06"]
[Black "UnTucopalaTimba"]
[Result "1-0"]
[WhiteElo "2594"]
[BlackElo "2208"]
[TimeControl "180+1"]
[EndTime "8:04:24 PST"]
[Termination "Suleyman_Chess06 won by checkmate"]

1. d4 Nf6 2. c4 e6 3. Nc3 Bb4 4. Nf3 O-O 5. g3 c5 6. Bg2 Nc6 7. d5 exd5 8. cxd5 Ne7 9. d6 Nc6 10. O-O Re8 11. Bg5 h6 12. Bf4 Bxc3 13. bxc3 Qa5 14.
Qc2 b6 15. Rfe1 Ba6 16. e4 Rad8 17. Nd2 c4 18. e5 Nd5 19. Rac1 Nxf4 20. gxf4 Re6 21.
Nf3 Rde8 22. Nd4 Nxd4 23. cxd4 Rc8 24. f5 Ree8 25. e6 dxe6 26. d7 Rcd8 27. dxe8=Q+ Rxe8 28. fxe6 fxe6 29. d5 e5 30. Qg6 Qa4 31. d6 Qd7 32. Bh3 Qa4 33. Be6+ Kh8 34. d7 Rf8 35. Qf7 Qb4 36.
Rcd1 Rxf7 37. Bxf7 Kh7 38. d8=Q c3 39. Qg8# 1-0

[Event "Early-Titled-Tuesday-Blitz-December-26-2023"]
[Site "Chess.com"]
[Date "2023.12.26"]
[Round "1"]
[White "le-castor-faineant"]
[Black "Sanyura"]
[Result "0-1"]
[WhiteElo "2276"]
[BlackElo "2618"]
[TimeControl "180+1"]
[EndTime "8:04:27 PST"]
[Termination "Sanyura won by resignation"]

1. e4 c5 2. Nf3 e6 3. d4 cxd4 4. Nxd4 Nf6 5. Bd3 Nc6 6. Nb3 d5 7. exd5 exd5 8. O-O h6 9. Re1+ Be7 10. Nc3 O-O 11. h3 Bd6 12. Be3 Re8 13. Nd4 Qe7 14. Qd2 Be6 15. Nf5 Bxf5 16. Bxf5 Qe5 17. Bg4 Qh2+ 18.
Kf1 d4 19. f3 dxe3 20. Rxe3 0-1

[Event "Early-Titled-Tuesday-Blitz-December-26-2023"]
[Site "Chess.com"]
[Date "2023.12.26"]
[Round "1"]
[White "DishonorOnYourCow"]
[Black "stollenmonster"]
[Result "0-1"]
[WhiteElo "2517"]
[BlackElo "2920"]
[TimeControl "180+1"]
[EndTime "8:04:34 PST"]
[Termination "stollenmonster won by resignation"]

1. d4 Nf6 2. c4 e6 3. Nf3 d5 4.
Nc3 Ne4 5. e3 f5 6. Bd3 Be7 7.
O-O c6 8. Ne5 O-O 9. f3 Nxc3 10.
bxc3 Nd7 11. Nxd7 Bxd7 12. cxd5 cxd5 13. Bd2 Bd6 14. Qe2 Bc6 15. c4 Qh4 16. g3 Qh5 17. cxd5 exd5 18. Qg2 Rae8 19. Bxf5 Qxf5 20. g4 Qd3 21. Rad1 Qc2 22. h4 Qxa2 23. g5 Qc2 24.
f4 Qf5 25. h5 Re6 26. Qg3 Bb5 27. Rf2 Rc8 28. Rg2 Rc2 29. g6 hxg6 30. hxg6 Be8 31. Qh4 Rxg6 32. Qd8 Rxg2+ 33. Kxg2 Qg6+ 34. Kh2 Bb4 35.
Qxd5+ Bf7 36. Qd8+ Kh7 0-1

[Event "Early-Titled-Tuesday-Blitz-December-26-2023"]
[Site "Chess.com"]
[Date "2023.12.26"]
[Round "1"]
[White "bubeliang"]
[Black "Schattman"]
[Result "1-0"]
[WhiteElo "2781"]
[BlackElo "2458"]
[TimeControl "180+1"]
[EndTime "8:04:36 PST"]
[Termination "bubeliang won on time"]

1. e4 c5 2. c3 d5 3. exd5 Qxd5 4. d4 Nf6 5. Nf3 e6 6. Na3 a6 7. Nc4 Nbd7 8. Be2 b5 9. Ne3 Qc6 10. a4 Bb7 11. dxc5 Bxc5 12. axb5 axb5 13. Rxa8+ Bxa8 14. Nd4 Bxd4 15. Qxd4 O-O 16. O-O Nd5 17. Nxd5 exd5 18.
Bf3 Nb6 19. Rd1 Re8 20. h3 h6 21. b3 Qc7 22. Be3 Nc8 23. Bxd5 Bxd5 24. Qxd5 Ne7 25. Qxb5 Rc8 26. c4 Nf5 27. Qxf5 1-0

[Event "Early-Titled-Tuesday-Blitz-December-26-2023"]
[Site "Chess.com"]
[Date "2023.12.26"]
[Round "1"]
[White "Yurasova_Daria"]
[Black "enriquetejedor"]
[Result "1-0"]
[WhiteElo "2467"]
[BlackElo "2733"]
[TimeControl "180+1"]
[EndTime "8:04:38 PST"]
[Termination "Yurasova_Daria won by resignation"]

1. d4 Nf6 2. Bg5 d5 3. Bxf6 gxf6 4. e3 e6 5. g3 c5 6. dxc5 Bxc5 7. Bg2 Qb6 8. Nd2 Qxb2 9. Ne2 f5 10. O-O O-O 11. Rb1 Qf6 12. Nb3 Be7 13. Nbd4 a6 14.
c4 dxc4 15. Bxb7 Ra7 16. Bf3 Bd7 17. Nc3 Rc8 18. Qe2 Nc6 1-0

[Event "Early-Titled-Tuesday-Blitz-December-26-2023"]
[Site "Chess.com"]
[Date "2023.12.26"]
[Round "1"]
[White "alvarorodriguezavila"]
[Black "nekotyanof"]
[Result "0-1"]
[WhiteElo "2289"]
[BlackElo "2627"]
[TimeControl "180+1"]
[EndTime "8:04:43 PST"]
[Termination "nekotyanof won by checkmate"]

1. e4 c5 2. Nf3 Nc6 3. Bb5 e5 4. c3 Bd6 5. O-O a6 6. Ba4 b5 7.
Bc2 Nf6 8. a4 Bb7 9. h3 O-O 10.
Re1 Bc7 11. d4 cxd4 12. cxd4 Nxd4 13. Nxd4 exd4 14. Qxd4 Rc8 15. Bg5 h6 16. Bxf6 Qxf6 17.
Qxf6 gxf6 18. axb5 axb5 19. Bd3 Bc6 20. Nc3 Be5 21.
Nxb5 Rb8 22. Ra5 Bxb2 23. Re2 Be5 24. g3 Ra8 25. Rea2 Rxa5 26. Rxa5 Rb8 27. f4 Bb2 28. Nd6 Bd4+ 29. Kg2 Rb2+ 30. Kf3 h5 31. Nf5 Rf2# 0-1

[Event "Early-Titled-Tuesday-Blitz-December-26-2023"]
[Site "Chess.com"]
[Date "2023.12.26"]
[Round "1"]
[White "Zavgorodniy_Sergiy"]
[Black "NowInChess"]
[Result "1/2-1/2"]
[WhiteElo "2612"]
[BlackElo "2287"]
[TimeControl "180+1"]
[EndTime "8:04:43 PST"]
[Termination "Game drawn by agreement"]

1. d4 Nf6 2. c4 c5 3. Nf3 cxd4 4. Nxd4 e5 5. Nb5 d5 6. cxd5 Bb4+ 7. N5c3 Qxd5 8. Qxd5 Nxd5 9. Bd2 Nxc3 10. Bxc3 Bxc3+ 11.
Nxc3 Nc6 12. e3 Be6 13. Bb5 Rc8 14. O-O Ke7 15. Rac1 Nb4 16. a3 Nd5 17. Nxd5+ Bxd5 18. Rfd1 Be6 19. Kf1 f6 20. Ke1 a6 21. Be2 Bb3 22.
Rxc8 Rxc8 23. Rb1 Bc2 24. Rc1 Bf5 25. Rxc8 Bxc8 26. Kd2 a5 27. Kc3 Kd6 28. Bd3 h6 29. Kc4 Bd7 30. b4 b6 31. g3 g5 32. f4 exf4 33. exf4 gxf4 34. gxf4 Bc6 35. Bf5 Ba4 36. h4 Be8 1/2-1/2